TOP OF THE 1ST |
Buckhead Bowties batting - Pitching for Thunder Bay Northern Lions BC : RHP David Schrattenthaler
|
Pitching: RHP David Schrattenthaler
|
|
Batting: LHB Charles Godard
|
0-0: Ball 1-0: Called Strike 1-1: Called Strike 1-2: Ball 2-2: DOUBLE (Groundball, 3L, EV 101.2 MPH)
|
Batting: LHB Marcus Shill
|
0-0: Called Strike 0-1: Ball 1-1: Swinging Strike 1-2: Hit by Pitch
|
Batting: LHB Jesús Encarnación
|
0-0: Ball 1-0: Ball 2-0: Swinging Strike 2-1: Ball 3-1: Base on Balls Charles Godard to third Marcus Shill to second
|
Batting: LHB Spencer Powell
|
0-0: Foul Ball, location: 2F 0-1: Ball 1-1: Foul Ball, location: 2F 1-2: Foul Ball, location: 2F 1-2: Strikes out looking
|
Batting: RHB Hugh Mungus
|
0-0: Ball 1-0: Called Strike 1-1: Ball 2-1: Fly out, F9 (Flyball, 89XD, EV 90.6 MPH) Runner from 3rd tags up, SCORES, no throw by RF Marcus Shill to third
|
Batting: RHB Barsati Saraf
|
0-0: Called Strike 0-1: Ball 1-1: Fly out, F7 (Flyball, 7, EV 91.2 MPH)
|
Top of the 1st over - 1 run, 1 hit, 0 errors, 2 left on base; Buckhead 1 - Thunder Bay 0 |
BOTTOM OF THE 1ST |
Thunder Bay Northern Lions BC batting - Pitching for Buckhead Bowties : LHP Paul Haines
|
Pitching: LHP Paul Haines
|
|
Batting: LHB Keaton Kringlen
|
0-0: Ground out U3 (Groundball, 34, EV 105.0 MPH)
|
Batting: LHB Sébastien Cornu
|
0-0: Ball 1-0: Ball 2-0: Foul Ball, location: 2F 2-1: Ball 3-1: Called Strike 3-2: SINGLE (Line Drive, 8RS, EV 100.0 MPH)
|
Batting: RHB Charles Josse
|
0-0: Foul Ball, location: 2F 0-1: Ball 1-1: Ball 2-1: Swinging Strike 2-2: Ball 3-2: Grounds into double play, 5-4-3 (Groundball, 56, EV 104.4 MPH)
|
Bottom of the 1st over - 0 runs, 1 hit, 0 errors, 0 left on base; Buckhead 1 - Thunder Bay 0 |
TOP OF THE 2ND |
Buckhead Bowties batting - Pitching for Thunder Bay Northern Lions BC : RHP David Schrattenthaler
|
Batting: RHB Juan Barrón
|
0-0: Ball 1-0: Called Strike 1-1: Foul Ball, location: 2F 1-2: SINGLE (Groundball, 4MD, EV 93.8 MPH)
|
Batting: RHB César Guerra
|
0-0: Called Strike 0-1: Ball 1-1: Swinging Strike 1-2: SINGLE (Line Drive, 4D, EV 104.4 MPH) Juan Barrón to second
|
Batting: SHB Arend van der Veen
|
0-0: Called Strike 0-1: Foul Ball, location: 2F 0-2: Ball 1-2: Ball 2-2: Ball 3-2: Foul Ball, location: 2F 3-2: Strikes out looking
|
Batting: LHB Charles Godard
|
0-0: Called Strike 0-1: Grounds into double play, 4-6-3 (Groundball, 4, EV 85.6 MPH)
|
Top of the 2nd over - 0 runs, 2 hits, 0 errors, 1 left on base; Buckhead 1 - Thunder Bay 0 |
BOTTOM OF THE 2ND |
Thunder Bay Northern Lions BC batting - Pitching for Buckhead Bowties : LHP Paul Haines
|
Batting: RHB Jason Slaybaugh
|
0-0: Ball 1-0: Ball 2-0: Ball 3-0: Called Strike 3-1: Called Strike 3-2: DOUBLE (Flyball, 89D, EV 93.8 MPH)
|
Batting: LHB Gilberto Ocasio
|
0-0: Called Strike 0-1: Ball 1-1: Ball 2-1: 2-RUN HOME RUN (Flyball, 9D, EV 92.5 MPH), Distance : 368 ft
|
Batting: LHB Ramón Padilla
|
0-0: Ball 1-0: Swinging Strike 1-1: TRIPLE (Line Drive, 78XD, EV 106.2 MPH)
|
Batting: RHB Curf Pierstisnips
|
0-0: Foul Ball, location: 2F 0-1: Ground out 4-3 (Groundball, 4, EV 90.0 MPH) Ramón Padilla scores
|
Batting: SHB Takeshi Kovacs
|
0-0: Called Strike 0-1: Foul Ball, location: 2F 0-2: Foul Ball, location: 2F 0-2: SINGLE (Groundball, 56D, EV 103.1 MPH)
|
Batting: LHB Yao-pang Chiang
|
0-0: Swinging Strike 0-1: Called Strike Takeshi Kovacs steals 2nd base 0-2: Ball 1-2: Ball 2-2: Strikes out swinging
|
Batting: LHB Keaton Kringlen
|
0-0: Ball 1-0: SINGLE (Line Drive, 8RS, EV 108.8 MPH) Takeshi Kovacs to third Runner from 3rd tries for Home, SAFE, throw by CF to home
|
Batting: LHB Sébastien Cornu
|
0-0: Called Strike 0-1: Fly out, F9 (Flyball, 9S, EV 88.1 MPH)
|
Bottom of the 2nd over - 4 runs, 5 hits, 0 errors, 1 left on base; Buckhead 1 - Thunder Bay 4 |
TOP OF THE 3RD |
Buckhead Bowties batting - Pitching for Thunder Bay Northern Lions BC : RHP David Schrattenthaler
|
Batting: LHB Marcus Shill
|
0-0: Ball 1-0: Ground out 4-3 (Groundball, 34, EV 91.9 MPH)
|
Batting: LHB Jesús Encarnación
|
0-0: Fly out, F8 (Flyball, 8RS, EV 91.2 MPH)
|
Batting: LHB Spencer Powell
|
0-0: Foul Ball, location: 2F 0-1: Called Strike 0-2: Ball 1-2: Ball 2-2: Foul Ball, location: 2F 2-2: Ground out 4-3 (Groundball, 4, EV 108.1 MPH)
|
Top of the 3rd over - 0 runs, 0 hits, 0 errors, 0 left on base; Buckhead 1 - Thunder Bay 4 |
BOTTOM OF THE 3RD |
Thunder Bay Northern Lions BC batting - Pitching for Buckhead Bowties : LHP Paul Haines
|
Batting: RHB Charles Josse
|
0-0: Ball 1-0: Swinging Strike 1-1: Ball 2-1: Ground out U3 (Groundball, 34S, EV 93.8 MPH)
|
Batting: RHB Jason Slaybaugh
|
0-0: SOLO HOME RUN (Flyball, 9LD, EV 96.2 MPH), Distance : 339 ft
|
Batting: LHB Gilberto Ocasio
|
0-0: Ground out 1-3 (Groundball, 13, EV 62.5 MPH)
|
Batting: LHB Ramón Padilla
|
0-0: Foul Ball, location: 2F 0-1: Called Strike 0-2: Ball 1-2: Foul Ball, location: 2F 1-2: Ball 2-2: Strikes out swinging
|
Bottom of the 3rd over - 1 run, 1 hit, 0 errors, 0 left on base; Buckhead 1 - Thunder Bay 5 |
TOP OF THE 4TH |
Buckhead Bowties batting - Pitching for Thunder Bay Northern Lions BC : RHP David Schrattenthaler
|
Batting: RHB Hugh Mungus
|
0-0: Ball 1-0: Ball 2-0: Swinging Strike 2-1: Fly out, F8 (Flyball, 8RS, EV 79.4 MPH)
|
Batting: RHB Barsati Saraf
|
0-0: Called Strike 0-1: Ground out 2-3 (Groundball, 2L, EV 68.8 MPH)
|
Batting: RHB Juan Barrón
|
0-0: Called Strike 0-1: Ground out 1-3 (Groundball, 23, EV 83.1 MPH)
|
Top of the 4th over - 0 runs, 0 hits, 0 errors, 0 left on base; Buckhead 1 - Thunder Bay 5 |
BOTTOM OF THE 4TH |
Thunder Bay Northern Lions BC batting - Pitching for Buckhead Bowties : LHP Paul Haines
|
Batting: RHB Curf Pierstisnips
|
0-0: Ball 1-0: Ball 2-0: Called Strike 2-1: Fly out, F9 (Line Drive, 89M, EV 103.1 MPH)
|
Batting: SHB Takeshi Kovacs
|
0-0: Foul Ball, location: 2F 0-1: Ball 1-1: Swinging Strike 1-2: DOUBLE (Line Drive, 5D, EV 97.5 MPH)
|
Batting: LHB Yao-pang Chiang
|
0-0: Ball 1-0: Ball 2-0: Called Strike 2-1: Called Strike 2-2: Ball 3-2: Base on Balls
|
Batting: LHB Keaton Kringlen
|
0-0: Called Strike 0-1: Ball 1-1: Ball 2-1: Grounds into double play, 3-6-3 (Groundball, 3, EV 85.0 MPH)
|
Bottom of the 4th over - 0 runs, 1 hit, 0 errors, 1 left on base; Buckhead 1 - Thunder Bay 5 |
TOP OF THE 5TH |
Buckhead Bowties batting - Pitching for Thunder Bay Northern Lions BC : RHP David Schrattenthaler
|
Batting: RHB César Guerra
|
0-0: Ground out 5-3 (Groundball, 5, EV 78.8 MPH)
|
Batting: SHB Arend van der Veen
|
0-0: Called Strike 0-1: Ball 1-1: SINGLE (Groundball, 34D, EV 107.5 MPH) (infield hit)
|
Batting: LHB Charles Godard
|
0-0: Called Strike 0-1: Ball 1-1: Ball 2-1: Ball 3-1: Swinging Strike 3-2: DOUBLE (Groundball, 5L, EV 103.1 MPH) Arend van der Veen to third Runner from 3rd tries for Home, SAFE, no throw by LF
|
Batting: LHB Marcus Shill
|
0-0: Swinging Strike 0-1: Fly out, F6 (Flyball, 4MD, EV 82.5 MPH)
|
Batting: LHB Jesús Encarnación
|
0-0: Ball 1-0: Foul Ball, location: 2F 1-1: Ball 2-1: Ball 3-1: Foul Ball, location: 2F 3-2: Base on Balls
|
Batting: LHB Spencer Powell
|
0-0: Ball 1-0: Ball 2-0: Foul Ball, location: 2F 2-1: Ball 3-1: Base on Balls Charles Godard to third Jesús Encarnación to second
|
Batting: RHB Hugh Mungus
|
0-0: Ball 1-0: Ball 2-0: GRAND SLAM HOME RUN (Flyball, 7D, EV 99.4 MPH), Distance : 383 ft
|
Pitching: RHP Jim Sison
|
|
Batting: RHB Barsati Saraf
|
0-0: Ball 1-0: Called Strike 1-1: Fly out, F4 (Popup, 4, EV 71.2 MPH)
|
Top of the 5th over - 5 runs, 3 hits, 0 errors, 0 left on base; Buckhead 6 - Thunder Bay 5 |
BOTTOM OF THE 5TH |
Thunder Bay Northern Lions BC batting - Pitching for Buckhead Bowties : LHP Paul Haines
|
Batting: LHB Sébastien Cornu
|
0-0: Ball 1-0: Swinging Strike 1-1: Ball 2-1: Fly out, F8 (Flyball, 8LD, EV 98.1 MPH)
|
Batting: RHB Charles Josse
|
0-0: Foul Ball, location: 2F 0-1: Fly out, F8 (Flyball, 8LM, EV 84.4 MPH)
|
Batting: RHB Jason Slaybaugh
|
0-0: Ground out 5-3 (Groundball, 5S, EV 76.9 MPH)
|
Bottom of the 5th over - 0 runs, 0 hits, 0 errors, 0 left on base; Buckhead 6 - Thunder Bay 5 |
TOP OF THE 6TH |
Buckhead Bowties batting - Pitching for Thunder Bay Northern Lions BC : RHP Jim Sison
|
Batting: RHB Juan Barrón
|
0-0: Ground out 5-3 (Groundball, 56, EV 88.8 MPH)
|
Batting: RHB César Guerra
|
0-0: Called Strike 0-1: Ground out 6-3 (Groundball, 6, EV 100.0 MPH)
|
Batting: SHB Arend van der Veen
|
0-0: Ball 1-0: SINGLE (Line Drive, 7S, EV 106.2 MPH)
|
Batting: LHB Charles Godard
|
0-0: Ball 1-0: Called Strike 1-1: SINGLE (Groundball, 4MD, EV 98.1 MPH) Arend van der Veen to second Runner from 2nd tries for 3rd, SAFE, no throw by CF
|
Batting: LHB Marcus Shill
|
0-0: Foul Ball, location: 2F 0-1: Called Strike 0-2: Foul Ball, location: 2F 0-2: DOUBLE (Groundball, 3L, EV 103.8 MPH) Arend van der Veen scores Charles Godard to third Runner from 3rd tries for Home, SAFE, no throw by RF
|
Batting: LHB Jesús Encarnación
|
0-0: Called Strike 0-1: Ball 1-1: Called Strike 1-2: Ground out 5-3 (Groundball, 56S, EV 91.9 MPH)
|
Top of the 6th over - 2 runs, 3 hits, 0 errors, 1 left on base; Buckhead 8 - Thunder Bay 5 |
BOTTOM OF THE 6TH |
Thunder Bay Northern Lions BC batting - Pitching for Buckhead Bowties : LHP Paul Haines
|
Batting: LHB Gilberto Ocasio
|
0-0: Foul Ball, location: 2F 0-1: Swinging Strike 0-2: Strikes out swinging
|
Batting: LHB Ramón Padilla
|
0-0: Ball 1-0: Called Strike 1-1: Called Strike 1-2: TRIPLE (Flyball, 89XD, EV 101.9 MPH)
|
Batting: RHB Curf Pierstisnips
|
0-0: Ball 1-0: Called Strike 1-1: Ball 2-1: Foul Ball, location: 2F 2-2: Ball 3-2: Base on Balls
|
Pitching: RHP Omar Morales
|
|
Batting: SHB Takeshi Kovacs
|
0-0: Ball Curf Pierstisnips steals 2nd base 1-0: Ball 2-0: Ball 3-0: Base on Balls
|
Batting: LHB Yao-pang Chiang
|
0-0: Called Strike 0-1: Ball 1-1: SINGLE (Groundball, 6, EV 90.6 MPH) (infield hit) Ramón Padilla scores Curf Pierstisnips to third Takeshi Kovacs to second
|
Batting: LHB Keaton Kringlen
|
0-0: Called Strike 0-1: Ball 1-1: Foul Ball, location: 2F 1-2: SINGLE (Groundball, 4, EV 104.4 MPH) (infield hit) Curf Pierstisnips scores Takeshi Kovacs to third Yao-pang Chiang to second
|
Batting: LHB Sébastien Cornu
|
0-0: Called Strike 0-1: Swinging Strike 0-2: Ball 1-2: Strikes out looking
|
Batting: RHB Charles Josse
|
0-0: Swinging Strike 0-1: Ball 1-1: Fielders Choice at 2nd, 6-4 (Groundball, 6, EV 81.9 MPH)
|
Bottom of the 6th over - 2 runs, 3 hits, 0 errors, 3 left on base; Buckhead 8 - Thunder Bay 7 |
TOP OF THE 7TH |
Buckhead Bowties batting - Pitching for Thunder Bay Northern Lions BC : RHP Jim Sison
|
Batting: LHB Spencer Powell
|
0-0: Ball 1-0: Swinging Strike 1-1: Foul Ball, location: 2F 1-2: Ground out U3 (Groundball, 34, EV 112.5 MPH)
|
Batting: RHB Hugh Mungus
|
0-0: Called Strike 0-1: DOUBLE (Line Drive, 7LM, EV 90.0 MPH)
|
Batting: RHB Barsati Saraf
|
0-0: Ball 1-0: Ball 2-0: Called Strike 2-1: Foul Ball, location: 2F 2-2: Ground out 4-3 (Groundball, 4, EV 91.2 MPH) Hugh Mungus to third
|
Batting: RHB Juan Barrón
|
0-0: Ball 1-0: Ball 2-0: Ball 3-0: Called Strike 3-1: Fly out, F6 (Popup, 6M, EV 62.5 MPH)
|
Top of the 7th over - 0 runs, 1 hit, 0 errors, 1 left on base; Buckhead 8 - Thunder Bay 7 |
BOTTOM OF THE 7TH |
Thunder Bay Northern Lions BC batting - Pitching for Buckhead Bowties : RHP Omar Morales
|
Batting: RHB Jason Slaybaugh
|
0-0: Ball 1-0: Ball 2-0: Foul Ball, location: 2F 2-1: Ball 3-1: Foul Ball, location: 2F 3-2: Base on Balls
|
Pitching: RHP Anthony Hurst
|
|
Batting: LHB Gilberto Ocasio
|
Pickoff Throw to First - Out! 1-3 0-0: Ball 1-0: Called Strike 1-1: Called Strike 1-2: Fly out, F9 (Flyball, 9D, EV 94.4 MPH)
|
Batting: LHB Ramón Padilla
|
0-0: Foul Ball, location: 2F 0-1: Ball 1-1: Ball 2-1: Ball 3-1: Fly out, F6 (Popup, 56D, EV 70.6 MPH)
|
Bottom of the 7th over - 0 runs, 0 hits, 0 errors, 0 left on base; Buckhead 8 - Thunder Bay 7 |
TOP OF THE 8TH |
Buckhead Bowties batting - Pitching for Thunder Bay Northern Lions BC : RHP Jim Sison
|
Batting: RHB César Guerra
|
0-0: Called Strike 0-1: Ball 1-1: Ground out 5-3 (Groundball, 56S, EV 87.5 MPH)
|
Batting: SHB Arend van der Veen
|
0-0: Ball 1-0: Ground out 6-3 (Groundball, 6, EV 81.2 MPH)
|
Batting: LHB Charles Godard
|
0-0: Ball 1-0: Called Strike 1-1: DOUBLE (Line Drive, 89D, EV 106.9 MPH)
|
Batting: LHB Marcus Shill
|
0-0: Ball 1-0: Called Strike 1-1: Swinging Strike 1-2: Foul Ball, location: 2F 1-2: DOUBLE (Line Drive, 78M, EV 111.9 MPH) Charles Godard scores
|
Pitching: LHP Peace Addo
|
|
Batting: LHB Jesús Encarnación
|
0-0: Ground out 1-3 (Groundball, 15S, EV 68.1 MPH)
|
Top of the 8th over - 1 run, 2 hits, 0 errors, 1 left on base; Buckhead 9 - Thunder Bay 7 |
BOTTOM OF THE 8TH |
Thunder Bay Northern Lions BC batting - Pitching for Buckhead Bowties : RHP Anthony Hurst
|
Batting: RHB Curf Pierstisnips
|
0-0: Foul Ball, location: 2F 0-1: Ball 1-1: Ball 2-1: Ball 3-1: Ground out 6-3 (Groundball, 6S, EV 86.9 MPH)
|
Batting: SHB Takeshi Kovacs
|
0-0: Ball 1-0: Ground out 6-3 (Groundball, 6S, EV 88.1 MPH)
|
Batting: LHB Yao-pang Chiang
|
0-0: Called Strike 0-1: Foul Ball, location: 2F 0-2: Foul Ball, location: 2F 0-2: Ball 1-2: Strikes out swinging
|
Bottom of the 8th over - 0 runs, 0 hits, 0 errors, 0 left on base; Buckhead 9 - Thunder Bay 7 |
TOP OF THE 9TH |
Buckhead Bowties batting - Pitching for Thunder Bay Northern Lions BC : LHP Peace Addo
|
Batting: LHB Spencer Powell
|
0-0: Ball 1-0: Ground out 6-3 (Groundball, 6, EV 85.0 MPH)
|
Batting: RHB Hugh Mungus
|
0-0: Foul Ball, location: 2F 0-1: Ball 1-1: Foul Ball, location: 2F 1-2: Ground out 6-3 (Groundball, 6, EV 87.5 MPH)
|
Batting: RHB Barsati Saraf
|
0-0: Ball 1-0: Foul Ball, location: 2F 1-1: Ball 2-1: Called Strike 2-2: Ground out 6-3 (Groundball, 6, EV 99.4 MPH)
|
Top of the 9th over - 0 runs, 0 hits, 0 errors, 0 left on base; Buckhead 9 - Thunder Bay 7 |
BOTTOM OF THE 9TH |
Thunder Bay Northern Lions BC batting - Pitching for Buckhead Bowties : RHP Anthony Hurst
|
Pitching: RHP Roderick Miller
|
|
Batting: LHB Keaton Kringlen
|
0-0: Ball 1-0: Ball 2-0: Foul Ball, location: 2F 2-1: Ball 3-1: Foul Ball, location: 2F 3-2: Base on Balls
|
Batting: LHB Sébastien Cornu
|
0-0: Ball 1-0: Foul Ball, location: 2F 1-1: Foul Ball, location: 2F 1-2: Ball 2-2: Ball 3-2: Base on Balls Keaton Kringlen to second
|
Batting: RHB Charles Josse
|
0-0: Foul Ball, location: 2F 0-1: Grounds into double play, 6-4-3 (Groundball, 6, EV 101.9 MPH) Keaton Kringlen to third
|
Batting: RHB Jason Slaybaugh
|
0-0: Called Strike 0-1: Ball 1-1: Ball 2-1: Swinging Strike 2-2: Ball 3-2: Base on Balls
|
Batting: LHB Gilberto Ocasio
|
0-0: Swinging Strike 0-1: Foul Ball, location: 2F 0-2: Ball 1-2: Strikes out swinging
|
Bottom of the 9th over - 0 runs, 0 hits, 0 errors, 2 left on base; Buckhead 9 - Thunder Bay 7 |
|